TOP OF THE 1ST |
Mountain Pointe HS batting - Pitching for Rocky Point HS Eagles : RHP Franklyn DeMars
|
Pitching: RHP Franklyn DeMars
|
|
Batting: LHB Jesús Romero
|
0-0: Ball 1-0: Ground out 1-3 (Groundball, P)
|
Batting: RHB Reggie Snyder
|
0-0: Called Strike 0-1: SINGLE (Groundball, 5S) (infield hit)
|
Batting: LHB Jeff Turner
|
0-0: Foul Ball, location: 2F 0-1: DOUBLE (Flyball, 8LXD) Reggie Snyder to third
|
Batting: RHB Vince Scovell
|
0-0: Ball 1-0: Foul Ball, location: 2F 1-1: Ball 2-1: Ball 3-1: Fly out, F5 (Line Drive, 5)
|
Batting: RHB Matt Lehman
|
0-0: Called Strike 0-1: Foul Ball, location: 2F 0-2: Foul Ball, location: 2F 0-2: Strikes out swinging
|
Top of the 1st over - 0 runs, 2 hits, 0 errors, 2 left on base; Mountain Pointe HS 0 - Rocky Point HS 0 |
BOTTOM OF THE 1ST |
Rocky Point HS Eagles batting - Pitching for Mountain Pointe HS : RHP Henry Owens
|
Pitching: RHP Henry Owens
|
|
Batting: RHB Pat Mills
|
0-0: Called Strike 0-1: Ball 1-1: Foul Ball, location: 2F 1-2: Strikes out swinging
|
Batting: RHB Corey Martin
|
0-0: Ball 1-0: Called Strike 1-1: Ball 2-1: Ball 3-1: Ground out 6-3 (Groundball, 6S)
|
Batting: RHB Yan Gosselin
|
0-0: Ball 1-0: Ground out 3-1 (Groundball, 34S)
|
Bottom of the 1st over - 0 runs, 0 hits, 0 errors, 0 left on base; Mountain Pointe HS 0 - Rocky Point HS 0 |
TOP OF THE 2ND |
Mountain Pointe HS batting - Pitching for Rocky Point HS Eagles : RHP Franklyn DeMars
|
Batting: SHB Zach Weaver
|
0-0: Ball 1-0: Ball 2-0: Foul Ball, location: 2F 2-1: Ball 3-1: Base on Balls
|
Batting: RHB Mike Ware
|
0-0: Swinging Strike 0-1: SINGLE (Groundball, 4MD) Zach Weaver to second Runner from 2nd tries for 3rd, SAFE, throw made to third
|
Batting: RHB David Page
|
0-0: Ball 1-0: Ball Pickoff Throw to First - Error! E1 Zach Weaver scores Mike Ware to second 2-0: Called Strike 2-1: Ball 3-1: Fly out, F8 (Flyball, 78M)
|
Batting: RHB Mark Fry
|
0-0: Called Strike 0-1: Swinging Strike 0-2: Ball 1-2: Ball 2-2: Ball 3-2: SINGLE (Line Drive, 8RS) Mike Ware to third
|
Batting: LHB Jesús Romero
|
0-0: Ball 1-0: Ball 2-0: Foul Ball, location: 2F 2-1: Foul Ball, location: 2F 2-2: Ball 3-2: Base on Balls Mark Fry to second
|
Batting: RHB Reggie Snyder
|
0-0: Foul Ball, location: 2F 0-1: Called Strike 0-2: Ball 1-2: SINGLE (Flyball, 89S) Mike Ware scores Mark Fry to third Jesús Romero to second
|
Batting: LHB Jeff Turner
|
0-0: Fly out, F7 (Flyball, 78M)
|
Batting: RHB Vince Scovell
|
0-0: Foul Ball, location: 2F 0-1: SINGLE (Flyball, 89S) Mark Fry scores Jesús Romero to third Reggie Snyder to second Runner from 3rd tries for Home, SAFE, no throw
|
Batting: RHB Matt Lehman
|
0-0: Ball 1-0: SINGLE (Line Drive, 56) Reggie Snyder to third Vince Scovell to second Runner from 3rd tries for Home, SAFE, no throw
|
Batting: SHB Zach Weaver
|
0-0: Ball 1-0: Swinging Strike 1-1: SINGLE (Line Drive, 9S) Vince Scovell to third Matt Lehman to second Runner from 3rd tries for Home, SAFE, throw made home
|
Batting: RHB Mike Ware
|
0-0: Ground out 1-3 (Groundball, 13S)
|
Top of the 2nd over - 6 runs, 6 hits, 1 error, 2 left on base; Mountain Pointe HS 6 - Rocky Point HS 0 |
BOTTOM OF THE 2ND |
Rocky Point HS Eagles batting - Pitching for Mountain Pointe HS : RHP Henry Owens
|
Batting: LHB Daryl Thomas
|
0-0: Called Strike 0-1: Foul Ball, location: 2F 0-2: Strikes out swinging
|
Batting: LHB Mark McGillis
|
0-0: Called Strike 0-1: Ball 1-1: Ball 2-1: Called Strike 2-2: Fly out, F8 (Flyball, 8LD)
|
Batting: LHB Stanton Moore
|
0-0: SINGLE (Groundball, 3S) (infield hit)
|
Batting: RHB Sam McWalter
|
0-0: Ball 1-0: Foul Ball, location: 2F 1-1: SINGLE (Flyball, 9S) Stanton Moore to second Runner from 2nd tries for 3rd, SAFE, no throw
|
Batting: SHB Joey Martin
|
0-0: Called Strike 0-1: Ball 1-1: Foul Ball, location: 2F 1-2: Fielders Choice at 2nd, 6-4 (Groundball, 6)
|
Bottom of the 2nd over - 0 runs, 2 hits, 0 errors, 2 left on base; Mountain Pointe HS 6 - Rocky Point HS 0 |
TOP OF THE 3RD |
Mountain Pointe HS batting - Pitching for Rocky Point HS Eagles : RHP Franklyn DeMars
|
Batting: RHB David Page
|
0-0: Foul Ball, location: 2F 0-1: Foul Ball, location: 2F 0-2: Ball 1-2: Ground out 5-3 (Groundball, 5S)
|
Batting: RHB Mark Fry
|
0-0: Ball 1-0: Ball 2-0: Ball 3-0: Base on Balls
|
Batting: LHB Jesús Romero
|
0-0: Ball 1-0: Called Strike 1-1: Foul Ball, location: 2F 1-2: Strikes out swinging
|
Batting: RHB Reggie Snyder
|
0-0: Ball 1-0: Ball 2-0: Ball 3-0: Base on Balls Mark Fry to second
|
Batting: LHB Jeff Turner
|
0-0: Ball 1-0: SINGLE (Groundball, 4MD) Mark Fry to third Reggie Snyder to second
|
Batting: RHB Vince Scovell
|
0-0: Ball 1-0: Called Strike 1-1: Ball 2-1: Foul Ball, location: 2F 2-2: Ball 3-2: GRAND SLAM HOME RUN (Line Drive, 7LD), Distance : 358 ft
|
Batting: RHB Matt Lehman
|
0-0: Foul Ball, location: 2F 0-1: Ball 1-1: Foul Ball, location: 2F 1-2: Ground out 4-3 (Groundball, 4M)
|
Top of the 3rd over - 4 runs, 2 hits, 0 errors, 0 left on base; Mountain Pointe HS 10 - Rocky Point HS 0 |
BOTTOM OF THE 3RD |
Rocky Point HS Eagles batting - Pitching for Mountain Pointe HS : RHP Henry Owens
|
Batting: RHB Kevin Gibson
|
0-0: Ball 1-0: SOLO HOME RUN (Flyball, 9D), Distance : 378 ft
|
Batting: RHB Pat Mills
|
0-0: Foul Ball, location: 2F 0-1: Ball 1-1: Swinging Strike 1-2: Foul Ball, location: 2F 1-2: Ball 2-2: Ball 3-2: Base on Balls
|
Batting: RHB Corey Martin
|
0-0: Foul Ball, location: 2F 0-1: Called Strike 0-2: Ball 1-2: 2-RUN HOME RUN (Flyball, 89XD), Distance : 422 ft
|
Batting: RHB Yan Gosselin
|
0-0: Foul Ball, location: 2F 0-1: Ball 1-1: Ball 2-1: Swinging Strike 2-2: Fly out, F9 (Flyball, 89M)
|
Batting: LHB Daryl Thomas
|
0-0: Ball 1-0: Called Strike 1-1: Foul Ball, location: 2F 1-2: Strikes out swinging
|
Batting: LHB Mark McGillis
|
0-0: Swinging Strike 0-1: Ball 1-1: Foul Ball, location: 2F 1-2: Strikes out swinging
|
Bottom of the 3rd over - 3 runs, 2 hits, 0 errors, 0 left on base; Mountain Pointe HS 10 - Rocky Point HS 3 |
TOP OF THE 4TH |
Mountain Pointe HS batting - Pitching for Rocky Point HS Eagles : RHP Franklyn DeMars
|
Pitching: RHP Mark Thompson
|
|
Batting: SHB Zach Weaver
|
0-0: Ball 1-0: Foul Ball, location: 2F 1-1: Ground out 5-3 (Groundball, 5)
|
Batting: RHB Mike Ware
|
0-0: Ball 1-0: Ball 2-0: SOLO HOME RUN (Flyball, 7LD), Distance : 346 ft
|
Batting: RHB David Page
|
0-0: Called Strike 0-1: Foul Ball, location: 2F 0-2: Strikes out swinging
|
Batting: RHB Mark Fry
|
0-0: Fly out, F8 (Flyball, 8RD)
|
Top of the 4th over - 1 run, 1 hit, 0 errors, 0 left on base; Mountain Pointe HS 11 - Rocky Point HS 3 |
BOTTOM OF THE 4TH |
Rocky Point HS Eagles batting - Pitching for Mountain Pointe HS : RHP Henry Owens
|
Batting: LHB Stanton Moore
|
0-0: Ball 1-0: Ball 2-0: Ball 3-0: Base on Balls
|
Batting: RHB Sam McWalter
|
0-0: Grounds into double play, 6-4-3 (Groundball, 6)
|
Batting: SHB Joey Martin
|
0-0: Ball 1-0: Foul Ball, location: 2F 1-1: Ball 2-1: Foul Ball, location: 2F 2-2: Strikes out looking
|
Bottom of the 4th over - 0 runs, 0 hits, 0 errors, 0 left on base; Mountain Pointe HS 11 - Rocky Point HS 3 |
TOP OF THE 5TH |
Mountain Pointe HS batting - Pitching for Rocky Point HS Eagles : RHP Mark Thompson
|
Batting: LHB Jesús Romero
|
0-0: Called Strike 0-1: Foul Ball, location: 2F 0-2: Fly out, F7 (Flyball, 7LMF)
|
Batting: RHB Reggie Snyder
|
0-0: Ball 1-0: Ball 2-0: Foul Ball, location: 2F 2-1: Swinging Strike 2-2: Ball 3-2: Ground out U3 (Groundball, 34S)
|
Batting: LHB Jeff Turner
|
0-0: Ball 1-0: Ground out 6-3 (Groundball, 6)
|
Top of the 5th over - 0 runs, 0 hits, 0 errors, 0 left on base; Mountain Pointe HS 11 - Rocky Point HS 3 |
BOTTOM OF THE 5TH |
Rocky Point HS Eagles batting - Pitching for Mountain Pointe HS : RHP Henry Owens
|
Batting: RHB Kevin Gibson
|
0-0: Called Strike 0-1: Ball 1-1: Foul Ball, location: 2F 1-2: SOLO HOME RUN (Flyball, 7LD), Distance : 344 ft
|
Batting: RHB Pat Mills
|
0-0: Ball 1-0: Reached on error, E5 (Groundball, 5)
|
Batting: RHB Corey Martin
|
0-0: Ball 1-0: Ball 2-0: Called Strike 2-1: Foul Ball, location: 2F 2-2: Strikes out looking Pat Mills steals 2nd base Batter strikes out.
|
Batting: RHB Yan Gosselin
|
0-0: Foul Ball, location: 2F 0-1: Fly out, F4 (Popup, 4S)
|
Batting: LHB Daryl Thomas
|
0-0: Ball 1-0: Ball 2-0: Ball 3-0: Called Strike 3-1: Called Strike 3-2: 2-RUN HOME RUN (Flyball, 7LD), Distance : 363 ft
|
Batting: LHB Mark McGillis
|
0-0: Called Strike 0-1: Foul Ball, location: 2F 0-2: Strikes out swinging
|
Bottom of the 5th over - 3 runs, 2 hits, 1 error, 0 left on base; Mountain Pointe HS 11 - Rocky Point HS 6 |
TOP OF THE 6TH |
Mountain Pointe HS batting - Pitching for Rocky Point HS Eagles : RHP Mark Thompson
|
Batting: RHB Vince Scovell
|
0-0: Ball 1-0: Swinging Strike 1-1: Ball 2-1: Called Strike 2-2: Fly out, F7 (Line Drive, 7D)
|
Batting: RHB Matt Lehman
|
0-0: Foul Ball, location: 2F 0-1: Swinging Strike 0-2: Ground out 3-1 (Groundball, 34)
|
Batting: SHB Zach Weaver
|
0-0: Ball 1-0: Called Strike 1-1: Ball 2-1: Ball 3-1: Base on Balls
|
Batting: RHB Mike Ware
|
0-0: Ball 1-0: Swinging Strike 1-1: Ball 2-1: Foul Ball, location: 2F 2-2: Ball 3-2: Strikes out swinging
|
Top of the 6th over - 0 runs, 0 hits, 0 errors, 1 left on base; Mountain Pointe HS 11 - Rocky Point HS 6 |
BOTTOM OF THE 6TH |
Rocky Point HS Eagles batting - Pitching for Mountain Pointe HS : RHP Henry Owens
|
Pitching: RHP Nick Simmons
|
|
Batting: LHB Stanton Moore
|
0-0: Called Strike 0-1: Ball 1-1: Fly out, F7 (Flyball, 7LSF)
|
Batting: RHB Sam McWalter
|
0-0: Called Strike 0-1: Ball 1-1: Called Strike 1-2: Strikes out swinging
|
Batting: SHB Joey Martin
|
0-0: Called Strike 0-1: Ball 1-1: Foul Ball, location: 2F 1-2: Foul Ball, location: 2F 1-2: Ball 2-2: Ball 3-2: Ground out 6-3 (Groundball, 6)
|
Bottom of the 6th over - 0 runs, 0 hits, 0 errors, 0 left on base; Mountain Pointe HS 11 - Rocky Point HS 6 |
TOP OF THE 7TH |
Mountain Pointe HS batting - Pitching for Rocky Point HS Eagles : RHP Mark Thompson
|
Batting: RHB David Page
|
0-0: Foul Ball, location: 2F 0-1: Ball 1-1: Hit by Pitch
|
Batting: RHB Mark Fry
|
0-0: Ball 1-0: 2-RUN HOME RUN (Flyball, 7LD), Distance : 343 ft
|
Batting: LHB Jesús Romero
|
0-0: SINGLE (Groundball, 4D)
|
Batting: RHB Reggie Snyder
|
0-0: Ball 1-0: Ball 2-0: Called Strike 2-1: Ball 3-1: Base on Balls Jesús Romero to second
|
Batting: LHB Jeff Turner
|
0-0: Ball 1-0: Ball 2-0: Ball 3-0: Called Strike 3-1: Base on Balls Jesús Romero to third Reggie Snyder to second
|
Batting: RHB Vince Scovell
|
0-0: Called Strike 0-1: Foul Ball, location: 2F 0-2: SINGLE (Groundball, 6MS) (infield hit) Jesús Romero scores Reggie Snyder to third Jeff Turner to second
|
Batting: RHB Matt Lehman
|
0-0: Ball 1-0: Foul Ball, location: 2F 1-1: Hit by Pitch Reggie Snyder scores Jeff Turner to third Vince Scovell to second
|
Batting: SHB Zach Weaver
|
0-0: Ground out 5-3 (Groundball, 25) Jeff Turner scores Vince Scovell to third Matt Lehman to second
|
Batting: RHB Mike Ware
|
0-0: Called Strike 0-1: Ball 1-1: Foul Ball, location: 2F 1-2: Ground out U3 (Groundball, 3)
|
Batting: RHB David Page
|
0-0: Ball 1-0: Called Strike 1-1: Ball 2-1: Foul Ball, location: 2F 2-2: Foul Ball, location: 2F 2-2: Ball 3-2: Base on Balls
|
Batting: RHB Mark Fry
|
0-0: Called Strike 0-1: Ball 1-1: Foul Ball, location: 2F 1-2: Ball 2-2: Fly out, F8 (Flyball, 8RD)
|
Top of the 7th over - 5 runs, 3 hits, 0 errors, 3 left on base; Mountain Pointe HS 16 - Rocky Point HS 6 |
BOTTOM OF THE 7TH |
Rocky Point HS Eagles batting - Pitching for Mountain Pointe HS : RHP Nick Simmons
|
Batting: RHB Kevin Gibson
|
0-0: Called Strike 0-1: Ball 1-1: Ball 2-1: Single, Error in OF, E7, batter to second base
|
Pitching: LHP Dan Baker
|
|
Batting: RHB Pat Mills
|
0-0: Ball 1-0: Called Strike 1-1: Called Strike 1-2: Ball 2-2: Fly out, F3 (Popup, 3SF)
|
Pitching: RHP Paul Barteaux
|
|
Batting: RHB Corey Martin
|
0-0: Fly out, F9 (Flyball, 89M) Runner from 2nd tags up, SAFE at 3rd with throw
|
Pitching: RHP David Guy
|
|
Batting: RHB Yan Gosselin
|
0-0: Called Strike 0-1: Fly out, F6 (Popup, 6S)
|
Bottom of the 7th over - 0 runs, 1 hit, 1 error, 1 left on base; Mountain Pointe HS 16 - Rocky Point HS 6 |
TOP OF THE 8TH |
Mountain Pointe HS batting - Pitching for Rocky Point HS Eagles : RHP Mark Thompson
|
Pitching: LHP Robert Leach
|
|
Batting: LHB Jesús Romero
|
0-0: Ball 1-0: Foul Ball, location: 2F 1-1: Called Strike 1-2: Ball 2-2: Foul Ball, location: 2F 2-2: Foul Ball, location: 2F 2-2: Ball 3-2: Base on Balls
|
Batting: RHB Reggie Snyder
|
0-0: Ball 1-0: Foul Ball, location: 2F 1-1: Swinging Strike 1-2: Foul Ball, location: 2F 1-2: Strikes out swinging
|
Batting: LHB Jeff Turner
|
0-0: Ball Jesús Romero is caught stealing 2nd base 1-0: Swinging Strike 1-1: Ball 2-1: Foul Ball, location: 2F 2-2: Strikes out swinging
|
Top of the 8th over - 0 runs, 0 hits, 0 errors, 0 left on base; Mountain Pointe HS 16 - Rocky Point HS 6 |
BOTTOM OF THE 8TH |
Rocky Point HS Eagles batting - Pitching for Mountain Pointe HS : RHP David Guy
|
Batting: LHB Daryl Thomas
|
0-0: Swinging Strike 0-1: Ball 1-1: Ground out 1-3 (Groundball, 13S)
|
Batting: LHB Mark McGillis
|
0-0: Called Strike 0-1: Ball 1-1: Foul Ball, location: 2F 1-2: Ball 2-2: Ground out U3 (Groundball, 3)
|
Batting: LHB Stanton Moore
|
0-0: Ball 1-0: Ball 2-0: Ball 3-0: Called Strike 3-1: Swinging Strike 3-2: Base on Balls
|
Batting: RHB Sam McWalter
|
0-0: Called Strike 0-1: Ball 1-1: Foul Ball, location: 2F 1-2: Ball 2-2: SINGLE (Groundball, 4M) (infield hit) Stanton Moore to second
|
Batting: SHB Joey Martin
|
0-0: Ball 1-0: Ball 2-0: Called Strike 2-1: Fly out, F3 (Popup, 34S)
|
Bottom of the 8th over - 0 runs, 1 hit, 0 errors, 2 left on base; Mountain Pointe HS 16 - Rocky Point HS 6 |
TOP OF THE 9TH |
Mountain Pointe HS batting - Pitching for Rocky Point HS Eagles : LHP Robert Leach
|
Batting: RHB Vince Scovell
|
0-0: Ball 1-0: Foul Ball, location: 2F 1-1: Ground out 5-3 (Groundball, 56S)
|
Batting: RHB Matt Lehman
|
0-0: Ball 1-0: Ball 2-0: Swinging Strike 2-1: Ground out 6-3 (Groundball, 56)
|
Batting: SHB Zach Weaver
|
0-0: Called Strike 0-1: Ground out 1-3 (Groundball, 15S)
|
Top of the 9th over - 0 runs, 0 hits, 0 errors, 0 left on base; Mountain Pointe HS 16 - Rocky Point HS 6 |
BOTTOM OF THE 9TH |
Rocky Point HS Eagles batting - Pitching for Mountain Pointe HS : RHP David Guy
|
Batting: RHB Kevin Gibson
|
0-0: Ball 1-0: Ball 2-0: Called Strike 2-1: Ball 3-1: Base on Balls
|
Batting: RHB Pat Mills
|
0-0: Swinging Strike 0-1: Called Strike 0-2: Strikes out looking
|
Batting: RHB Corey Martin
|
0-0: Ball 1-0: Ball Wild Pitch! Kevin Gibson to second 2-0: Ball 3-0: Called Strike 3-1: Base on Balls
|
Batting: RHB Yan Gosselin
|
0-0: Called Strike 0-1: Ball 1-1: SINGLE (Line Drive, 78M) Kevin Gibson to third Corey Martin to second
|
Batting: LHB Daryl Thomas
|
0-0: Called Strike 0-1: Ball 1-1: SINGLE (Flyball, 89M) Kevin Gibson scores Corey Martin to third Yan Gosselin to second
|
Batting: LHB Mark McGillis
|
0-0: Foul Ball, location: 2F 0-1: Ball 1-1: DOUBLE (Groundball, 5L) Corey Martin scores Yan Gosselin scores Daryl Thomas to third
|
Batting: LHB Stanton Moore
|
0-0: Ball 1-0: Called Strike 1-1: Called Strike 1-2: Ball 2-2: Strikes out looking
|
Batting: RHB Sam McWalter
|
0-0: Ball 1-0: Ball 2-0: Ground out 3-1 (Groundball, 3S)
|
Bottom of the 9th over - 3 runs, 3 hits, 0 errors, 2 left on base; Mountain Pointe HS 16 - Rocky Point HS 9 |
|